 Dungeon Crawl Stone Soup version 0.30-a0-605-gb2882149bf (webtiles) character file.

Game seed: 11406967773998717463

420 wormed the Changer (level 6, 0/49 HPs)
             Began as an Octopode Transmuter on Jan 7, 2023.
             Was an Initiate of Gozag.
             Slain by a yak (6 damage)
             ... on level 5 of the Dungeon.
             The game lasted 00:07:33 (3175 turns).

wormed the Changer (Octopode Transmuter)            Turns: 3175, Time: 00:07:34

Health: 0/49       AC:  7    Str:  9    XL:     6   Next: 94%
Magic:  5/10       EV: 10    Int: 24    God:    Gozag
Gold:   153        SH:  0    Dex: 12    Spells: 4/11 levels left

rFire   . . .      SeeInvis .      - Unarmed
rCold   + + +      Faith    .    (shield currently unavailable)
rNeg    . . .      Spirit   .    (helmet currently unavailable)
rPois   +          Reflect  .    b - amulet of regeneration
rElec   .          Harm     .    d - ring of flight
rCorr   +          Rampage  .    q - ring of resist corrosion
Will    .....                    r - ring of protection from fire
Stlth   +                        u - +6 ring of intelligence
HPRegen 1.08/turn                (no ring)
MPRegen 0.12/turn                (no ring)
                                 (no ring)
                                 (no ring)

@: about to teleport, ice-form, wereblooded, flying
A: freezing attack, boosted hp, almost no armour, amphibious, 8 rings, large,
(camouflage 1), (gelatinous body 1), (nimble swimmer 1), (tentacles)
a: End Transformation, Renounce Religion, Potion Petition, Call Merchant, Bribe
Branch


You were on level 5 of the Dungeon.
You worshipped Gozag.
Gozag was aware of your devotion.
You were a creature of crystalline ice.
You visited 2 branches of the dungeon, and saw 6 of its levels.

You collected 1306 gold pieces.
You spent 360 gold pieces at shops.
You paid 793 gold pieces to Gozag.

Inventory:

Jewellery
 b - an amulet of regeneration (around neck)
 d - a ring of flight (left front paw)
 q - a ring of resist corrosion (right front paw)
 r - a ring of protection from fire (on tentacle)
 u - a +6 ring of intelligence (on tentacle)
Scrolls
 a - 3 scrolls of fear {unknown}
 i - 5 scrolls of identify {unknown}
 j - a scroll of torment {unknown}
 k - a scroll of teleportation
 l - 2 scrolls of vulnerability {unknown}
 m - a scroll of brand weapon {unknown}
 n - 2 scrolls of noise {unknown}
 o - 2 scrolls of immolation {unknown}
 p - 2 scrolls of amnesia {unknown}
Potions
 c - 2 potions of mutation {unknown}
 e - a potion of heal wounds {unknown}
 f - 2 potions of magic {unknown}
 g - a potion of might {unknown}
 h - a potion of degeneration {unknown}
 s - a potion of curing {unknown}
 t - a potion of berserk rage {unknown}


   Skills:
 + Level 2.7 Fighting
 + Level 3.1 Dodging
 + Level 3.9 Unarmed Combat
 + Level 3.0 Spellcasting
 * Level 4.3 Transmutations
 + Level 2.0 Ice Magic


You had 4 spell levels left.
You knew the following spells:

 Your Spells              Type           Power      Damage    Failure   Level
a - Ice Form              Ice/Tmut       19%        N/A       28%         4
b - Wereblood             Tmut           24%        N/A       2%          2
z - Beastly Appendage     Tmut           48%        N/A       1%          1

Your spell library contained the following spells:

 Spells                   Type           Power      Damage    Failure   Level
 Ensorcelled Hibernation  Hex/Ice        16%        N/A       11%         2
 Spider Form              Tmut/Pois      14%        N/A       13%         3
 Frozen Ramparts          Ice            26%        1d4       14%         3
 Gell's Gravitas          Tloc           3%         N/A       32%         3
 Lesser Beckoning         Tloc           6%         N/A       32%         3
 Teleport Other           Tloc           3%         N/A       32%         3
 Summon Ice Beast         Ice/Summ       8%         N/A       56%         4
 Anguish                  Hex/Necr       1%         N/A       71%         4


Dungeon Overview and Level Annotations

Branches:
Dungeon (5/15)             Temple (1/1) D:5

Altars:
Ashenzari
Cheibriados
Elyvilon
Gozag
Hepliaklqana
Kikubaaqudgha
Makhleb
Nemelex Xobeh
Qazlal
Sif Muna
Trog
Uskayaw
Vehumet
Wu Jian
Xom
Zin
The Shining One

Shops:
D:2 [   Temple =

Annotations:
D:3 Grinder


Innate Abilities, Weirdness & Mutations

You are a creature of crystalline ice.
You have a powerful freezing melee attack.
Your maximum health is increased.
Your armour is entirely melded.
You are incapable of wielding weapons or throwing items.
You cannot wear most types of armour.
You are amphibious.
You can wear up to eight rings at the same time.
((Your skin changes colour to match your surroundings (Stealth+).))
((Your rubbery body absorbs attacks. (AC +1, EV +1)))
((You are camouflaged when in or above water. (Stealth+)))
((You have tentacles for arms and can constrict up to eight enemies at once.))


Message History

The yak bellows!
You hit the yak but do no damage.
You hear a shout!
The yak misses you.
You hit the yak. You freeze the yak.
The yak is lightly wounded.
The yak gores you.
The yak is distracted by your dazzling golden aura.
You hit the yak. You freeze the yak.
The yak is heavily wounded.
The yak gores you but does no damage.
You hit the yak but do no damage.
The yak is heavily wounded.
The yak barely misses you.
You hit the yak but do no damage.
The yak is heavily wounded.
The yak closely misses you. x2
You punch the yak! You freeze the yak.
The yak is almost dead.
You barely miss the yak.
The yak is almost dead.
The yak is no longer distracted by gold.
A lemure comes into view.
The yak closely misses you. The yak gores you.
You punch the yak! You freeze the yak.
The yak is moderately wounded.
The yak gores you! x2
You hit the yak but do no damage.
The yak is severely wounded.
The yak gores you.
You hit the yak. You freeze the yak.
The yak is almost dead.
The yak gores you!
* * * LOW HITPOINT WARNING * * *
As you read the scroll of teleportation, it crumbles to dust.
You feel strangely unstable. The yak gores you.
* * * LOW HITPOINT WARNING * * *
The yak gores you.
You die...
Your body crumbles into a pile of gold.

#......# +###+######
####......##
........#.###..##.......
........#...#...#...!...
........#...'...#.......
........#...#...#.......
#5...Y#...#...#....... $
#..YYY#####...#.......
#..#####YY..##...#.......
#......'....#....'.......
#......#....#....#.......
$#.###..#....######.......
#..#.....#..#....####
...#.....#..#....# #
....#.....#..#....# #
#....#.....#..#....# #
#....#.....#..'....# #


You could see 5 yaks and a lemure.

Vanquished Creatures
  A scorpion (D:4)
  2 orc priests
  A hound (D:5)
  3 iguanas
  7 adders
  A white imp (D:4)
  An ufetubus (D:5)
  6 dart slugs
  11 orcs
  8 endoplasms
  2 giant cockroaches
  10 goblins
  11 hobgoblins
  5 jackals
  7 kobolds
  2 quokkas (D:4)
  6 ball pythons
  12 bats
  6 frilled lizards
  5 rats
107 creatures vanquished.

Vanquished Creatures (others)
  4 fungi (D:2)
4 creatures vanquished.

Grand Total: 111 creatures vanquished

Notes
Turn   | Place    | Note
-------+----------+-------------------------------------------
     0 | D:1      | wormed the Octopode Transmuter began the quest for the Orb.
     0 | D:1      | Reached XP level 1. HP: 13/13 MP: 3/3
    54 | D:1      | Reached XP level 2. HP: 10/18 MP: 5/5
   200 | D:1      | Reached XP level 3. HP: 21/23 MP: 4/6
   616 | D:1      | Identified a scroll of acquirement
   616 | D:1      | Acquired 1052 gold pieces
   743 | D:2      | Found Dohucib's Armour Emporium.
   754 | D:2      | Reached skill level 3 in Transmutations
   754 | D:2      | Reached XP level 4. HP: 29/29 MP: 5/7
   845 | D:2      | Reached skill level 1 in Ice Magic
  1175 | D:2      | Learned a level 2 spell: Wereblood
  1180 | D:2      | Learned a level 4 spell: Ice Form
  1271 | D:2      | You are sucked into a shaft and drop 1 floor!
  1520 | D:3      | Noticed Grinder
  1694 | D:3      | Reached XP level 5. HP: 34/34 MP: 5/8
  2055 | D:4      | Reached XP level 6. HP: 36/40 MP: 4/10
  2569 | D:3      | Reached skill level 4 in Transmutations
  2717 | D:5      | Entered Level 5 of the Dungeon
  2779 | D:5      | Found a staircase to the Ecumenical Temple.
  2786 | Temple   | Entered the Ecumenical Temple
  2940 | Temple   | Became a worshipper of Gozag Ym Sagoz the Greedy
  2947 | Temple   | Bought a +6 ring of intelligence for 360 gold pieces
  3159 | D:5      | Noticed a yak
  3161 | D:5      | Noticed a yak
  3163 | D:5      | Noticed a yak
  3164 | D:5      | Noticed a yak
  3164 | D:5      | Noticed a yak
  3175 | D:5      | Slain by a yak

Illustrated notes

Levels and vault maps discovered:
D:1:      minmay_arrival_four_loops, layout_rooms, chequers_jeans
D:2:      layout_basic, serial_shops, shop, grunt_decor_junction,
          dreamdust_mushroom_princess, st_stairs_5, kennysheep_generic_room_4
D:3:      layout_rooms, uniq_grinder
D:4:      layout_rooms, minmay_misc_feat_hallway, skrybe_limestone_x
D:5:      layout_gridville, minmay_temple_entry_slanted, uniq_pikel
Temple:   nicolae_temple_bog_church

Skill      XL: |  1  2  3  4  5  6 |
---------------+-------------------+-----
Transmutations | 3 4 |  4.3
Ice Magic      | 1 2 |  2.0
Fighting       | 2 |  2.7
Dodging        | 3 |  3.1
Spellcasting   | 3 |  3.0
Unarmed Combat | |  3.9

Action                   |  1- 3 |  4- 6 || total
-------------------------+-------+-------++-------
Melee: Unarmed           |    80 |   168 ||   248
       Kick              |    19 |    39 ||    58
       Constrict         |    23 |    47 ||    70
       Tentacles         |    17 |    20 ||    37
       Punch             |     5 |     7 ||    12
 Cast: Beastly Appendage |    15 |    28 ||    43
       Wereblood         |       |    20 ||    20
       Ice Form          |       |     2 ||     2
Invok: Call Merchant     |       |     1 ||     1
  Use: Scroll            |     2 |     1 ||     3
       Potion            |       |     1 ||     1
 Stab: Sleeping          |     4 |     6 ||    10
Armor: Skin              |    10 |    14 ||    24
Dodge: Dodged            |    55 |    90 ||   145

Table legend: (Time is in decaauts)
 A = Elapsed time spent in this place.
 B = Non-inter-level travel time spent in this place.
 C = Inter-level travel time spent in this place.
 D = Time resting spent in this place.
 E = Time spent auto-exploring this place.
 F = Levels seen in this place.
 G = Mean time per level.
                   A        B        C        D        E       F      G
               +--------+--------+--------+--------+--------+-----+--------+
         Total |   3158 |   3010 |    148 |      0 |   2222 |   6 |  526.3 |
       Dungeon |   2985 |   2857 |    128 |      0 |   2092 |   5 |  597.0 |
        Temple |    173 |    153 |     20 |      0 |    130 |   1 |  173.0 |
               +--------+--------+--------+--------+--------+-----+--------+

Top non-repeatable levels by time:
     D:2: 761 daAuts
     D:3: 658 daAuts
     D:4: 650 daAuts
     D:1: 634 daAuts
     D:5: 280 daAuts
  Temple: 173 daAuts
